 Dungeon Crawl Stone Soup version 0.25.0-1-g7eea58d2a3 (webtiles) character file.

Game seed: 11269267167167472010

13514 Delamore the Severer (level 12, -4/101 HPs)
             Began as a Hill Orc Monk on June 14, 2020.
             Was a High Priest of Okawaru.
             Slain by a five-headed hydra (8 damage)
             ... on level 11 of the Dungeon.
             The game lasted 00:18:31 (14219 turns).

Delamore the Severer (Hill Orc Monk)               Turns: 14219, Time: 00:18:32

Health: -4/101     AC: 13    Str: 22    XL:     12   Next: 6%
Magic:  12/12      EV:  9    Int: 12    God:    Okawaru [*****.]
Gold:   123        SH:  5    Dex: 13    Spells: 11/11 levels left

rFire    . . .     SeeInvis .   z - +1 battleaxe (elec)
rCold    . . .     Gourm    .   (shield currently unavailable)
rNeg     . . .     Faith    .   O - +1 chain mail of the Amoeba {Str+5 Int+2} (curse)
rPois    +         Spirit   .   (helmet restricted)
rElec    .         Reflect  +   b - scarf {repulsion}
rCorr    +         Harm     .   (no gloves)
MR       .....     Clarity  +   M - +1 pair of boots {Stlth+}
Stlth    ..........             q - amulet of reflection
HPRegen  0.26/turn              D - ring of poison resistance
MPRegen  0.13/turn              r - ring of resist corrosion

@: repel missiles
A: antennae 1, clarity, sense surroundings 1, weak 1
a: Heroism, Finesse, Renounce Religion


You were on level 11 of the Dungeon.
You worshipped Okawaru.
Okawaru was extremely pleased with you.
You were not hungry.

You visited 2 branches of the dungeon, and saw 13 of its levels.
You also visited: Sewer and Ossuary.

You collected 647 gold pieces.
You spent 524 gold pieces at shops.

Inventory:

Hand Weapons
 z - a +1 battleaxe of electrocution (weapon)
 I - a +1 war axe of electrocution
Missiles
 m - 7 javelins (quivered)
Armour
 b - a scarf of repulsion (worn)
 l - a +2 chain mail of cold resistance
 u - a +0 helmet
 M - a +1 pair of boots of stealth (worn)
 O - the cursed +1 chain mail of the Amoeba (worn) {Str+5 Int+2}
   (You found it on level 11 of the Dungeon)

   It affects your strength (+5).
   It affects your intelligence (+2).
   It has a curse placed upon it.
Jewellery
 q - an amulet of reflection (around neck)
 r - a ring of resist corrosion (right hand)
 D - a ring of poison resistance (left hand)
 K - an uncursed amulet of guardian spirit
 N - an uncursed ring of see invisible {unknown}
Wands
 a - a wand of flame (14)
 f - a wand of iceblast (10)
 A - a wand of disintegration (12)
 J - a wand of random effects (19)
Scrolls
 d - 3 scrolls of teleportation
 g - 8 scrolls of remove curse
 i - a scroll of holy word
 p - 3 scrolls of enchant weapon
 v - a scroll of amnesia
 x - 2 scrolls of immolation
 y - 2 scrolls of magic mapping
 B - a scroll of fear
 C - a scroll of noise
 E - 2 scrolls of blinking
 H - 2 scrolls of enchant armour
 L - a scroll of vulnerability
Potions
 e - 8 potions of flight
 h - a potion of might
 j - a potion of resistance
 k - 3 potions of cancellation
 n - a potion of heal wounds
 o - a potion of ambrosia
 s - a potion of magic
 t - 7 potions of curing
 w - a potion of invisibility
 F - a potion of haste
 G - a potion of brilliance
Comestibles
 c - 20 rations


   Skills:
 - Level 8.1 Fighting
 + Level 20.3 Axes
 - Level 6.3 Armour
 - Level 2.4 Dodging
 - Level 1.5 Stealth


You had 11 spell levels left.
You didn't know any spells.
Your spell library contained the following spells:

 Spells                   Type           Power        Failure   Level  Hunger
 Summon Small Mammal      Summ           #...         94%         1    ##.....
 Call Imp                 Summ           #.......     98%         2    ###....
 Call Canine Familiar     Summ           #.......     100%        3    ####...
 Summon Guardian Golem    Hex/Summ       #.......     100%        3    ####...
 Summon Ice Beast         Ice/Summ       #.......     100%        4    #####..
 Summon Lightning Spire   Summ/Air       #.......     100%        4    #####..


Dungeon Overview and Level Annotations

Branches:
Dungeon (12/15)            Temple (1/1) D:6            Lair (0/6) D:9
  Sewer (visited)         Ossuary (visited)
    Orc: D:9-12

Altars:
Ashenzari
Cheibriados
Dithmenos
Elyvilon
Fedhas
Gozag
Hepliaklqana
Kikubaaqudgha
Makhleb
Nemelex Xobeh
Okawaru
Qazlal
Ru
Sif Muna
Trog
Uskayaw
Vehumet
Wu Jian
Xom
Yredelemnul
Zin
The Shining One

Shops:
D:8 (   D:11 [*

Annotations:
D:11 2 transporters


Innate Abilities, Weirdness & Mutations

You have a pair of small antennae on your head.
You possess an exceptional clarity of mind.
You passively map a small area around you.
You are weak. (Str -2)


Message History

Aiming: Throw Flame
Press: ? - help, Shift-Dir - straight line, f/p - five-headed hydra
Aim: a five-headed hydra (heavily wounded)
The puff of flame hits the five-headed hydra.
The five-headed hydra is heavily wounded.
The five-headed hydra closely misses you.
The five-headed hydra bites you but does no damage. x2
The five-headed hydra completely misses you.
The five-headed hydra bites you but does no damage.
Evoke which item? (* to show all) (? for menu, Esc to quit)
Aiming: Throw Flame
Press: ? - help, Shift-Dir - straight line, f/p - five-headed hydra
Aim: a five-headed hydra (heavily wounded)
The puff of flame hits the five-headed hydra!
The five-headed hydra is severely wounded.
The five-headed hydra bites you but does no damage.
The five-headed hydra bites you!
* * * LOW HITPOINT WARNING * * *
The five-headed hydra bites you!
You die...

.......#.................#
#...##.#......)..........##
#.©.##.#....###'#####.....#
...o...#....#.......#.....#
Dcc..8##....#.......#.....#
#######.....#.......#.....#
..©.........#.......#.....#
............#########.....#
................@.........#
.................D........#
..........................#
..........................#
..........................#
###########...........#####
#......###### #......#
#..(...#


You could see a five-headed hydra.

Vanquished Creatures
  A two-headed ogre (D:11)
  An unseen horror (D:8)
  Pikel (D:6)
  2 cyclopes (D:11)
  Psyche (D:8)
  Maggie (D:5)
  A kobold demonologist (D:12)
  3 trolls
  4 hornets (D:10)
  2 hippogriffs
  3 wyverns
  13 yaks
  A steam dragon (D:8)
  2 hungry ghosts
  3 vampire mosquitoes (D:12)
  2 water moccasins (D:7)
  A porcupine (D:9)
  A black bear (D:11)
  3 ice beasts
  5 orc warriors
  2 ogres (D:11)
  4 slaves (D:6)
  A phantom (D:4)
  Blork the orc (D:5)
  An elf zombie (Ossuary)
  3 big kobolds
  9 bullfrogs
  A wyvern zombie (D:10)
  6 scorpions
  A killer bee (D:7)
  14 wights
  An electric eel (D:11)
  5 howler monkeys
  4 bullfrog zombies
  4 crimson imps
  A centaur zombie (Ossuary)
  3 human zombies (Ossuary)
  4 hounds
  3 jellies
  4 centaur skeletons
  5 orc priests
  7 orc wizards
  Natasha (thrice) (D:2)
  A bullfrog skeleton (D:8)
  9 worker ants
  A killer bee zombie (D:5)
  2 big kobold zombies (Ossuary)
  A hound zombie (D:7)
  A hound skeleton (D:6)
  2 mummies (Ossuary)
  A worker ant zombie (D:10)
  Robin (D:2)
  A howler monkey skeleton (D:7)
  3 gnolls (D:5)
  8 adders
  A river rat (Sewer)
  2 shadow imps
  3 adder skeletons
  A worm (D:2)
  A dart slug (D:1)
  5 leopard geckos
  32 orcs
  8 giant cockroaches
  14 goblins
  9 hobgoblins
  13 jackals
  2 quokkas
  A ball python (D:2)
  10 bats
  4 frilled lizards
  A goblin zombie (Ossuary)
  9 hobgoblin zombies (Ossuary)
  A jackal zombie (Ossuary)
  21 kobolds
  14 kobold zombies (Ossuary)
  4 orc zombies (Ossuary)
  2 quokka skeletons (D:4)
  13 rats
  A rat zombie (Ossuary)
  3 fungi (D:9)
  2 plants
346 creatures vanquished.

Vanquished Creatures (others)
  A bullfrog skeleton (D:6)
  A worker ant (D:6)
  A worker ant zombie (D:6)
3 creatures vanquished.

Grand Total: 349 creatures vanquished

Notes
Turn   | Place    | Note
-------+----------+-------------------------------------------
     0 | D:1      | Delamore the Hill Orc Monk began the quest for the Orb.
     0 | D:1      | Reached XP level 1. HP: 19/19 MP: 1/1
   285 | D:1      | Reached XP level 2. HP: 26/26 MP: 2/2
   355 | D:1      | Reached skill level 5 in Axes
   582 | D:1      | Reached XP level 3. HP: 31/31 MP: 3/3
  1074 | D:2      | Noticed Natasha
  1080 | D:2      | Reached skill level 6 in Axes
  1083 | D:2      | Killed Natasha
  1083 | D:2      | Reached XP level 4. HP: 26/39 MP: 4/4
  1239 | D:2      | Noticed Robin
  1256 | D:2      | Killed Robin
  1256 | D:2      | Reached skill level 7 in Axes
  1463 | D:2      | Reached XP level 5. HP: 45/45 MP: 5/5
  1733 | D:2      | Noticed Natasha
  1743 | D:2      | Killed Natasha
  1794 | D:2      | Noticed Natasha
  1801 | D:2      | Killed Natasha
  1801 | D:2      | Reached skill level 8 in Axes
  2123 | D:3      | Found a glowing drain.
  2133 | D:3      | Reached XP level 6. HP: 47/51 MP: 6/6
  2146 | Sewer    | Entered a sewer
  2222 | Sewer    | Reached skill level 9 in Axes
  2251 | Sewer    | Found a white marble altar of Elyvilon.
  2351 | D:3      | Found an ornate altar of the Wu Jian Council.
  2368 | D:3      | Found an ancient bone altar of Kikubaaqudgha.
  2681 | D:3      | Found a bloodstained altar of Trog.
  3482 | D:4      | Noticed a phantom
  3526 | D:4      | Killed a phantom
  3526 | D:4      | Reached skill level 10 in Axes
  3526 | D:4      | Reached XP level 7. HP: 41/57 MP: 7/7
  3805 | D:5      | Entered Level 5 of the Dungeon
  4004 | D:5      | Reached skill level 11 in Axes
  4068 | D:5      | Noticed Blork the orc
  4226 | D:5      | Killed Blork the orc
  4251 | D:5      | Found a burning altar of Makhleb.
  4361 | D:5      | Reached skill level 12 in Axes
  4361 | D:5      | Reached XP level 8. HP: 26/64 MP: 8/8
  5020 | D:6      | Found a sand-covered staircase.
  5031 | Ossuary  | Entered an ossuary
  5436 | Ossuary  | Reached skill level 13 in Axes
  5699 | D:6      | Found a radiant altar of Vehumet.
  5704 | D:6      | Reached skill level 14 in Axes
  5711 | D:6      | Noticed Maggie
  5737 | D:5      | Killed Maggie
  5737 | D:5      | Reached XP level 9. HP: 28/70 MP: 9/9
  5958 | D:5      | Gained mutation: Your body sometimes deteriorates upon
                  | taking damage. [potion of mutation]
  5958 | D:5      | Gained mutation: You have a pair of small horns on your
                  | head. [potion of mutation]
  5958 | D:5      | Gained mutation: Your mind is acute. (Int +2) [potion of
                  | mutation]
  5959 | D:5      | Lost mutation: Your body sometimes deteriorates upon taking
                  | damage. [potion of mutation]
  5959 | D:5      | Lost mutation: Your mind is acute. (Int +2) [potion of
                  | mutation]
  5959 | D:5      | Lost mutation: You have a pair of small horns on your head.
                  | [potion of mutation]
  5959 | D:5      | Gained mutation: You have a pair of small horns on your
                  | head. [potion of mutation]
  5959 | D:5      | Gained mutation: Your movements are slightly less
                  | encumbered by armour. (ER -2) [potion of mutation]
  5960 | D:5      | Lost mutation: You have a pair of small horns on your head.
                  | [potion of mutation]
  5960 | D:5      | Lost mutation: Your movements are slightly less encumbered
                  | by armour. (ER -2) [potion of mutation]
  5960 | D:5      | Gained mutation: You are weak. (Str -2) [potion of
                  | mutation]
  5960 | D:5      | Gained mutation: You have a pair of small horns on your
                  | head. [potion of mutation]
  5960 | D:5      | Gained mutation: You possess an exceptional clarity of
                  | mind. [potion of mutation]
  5961 | D:5      | Lost mutation: You have a pair of small horns on your head.
                  | [potion of mutation]
  5961 | D:5      | Lost mutation: You are weak. (Str -2) [potion of mutation]
  5961 | D:5      | Lost mutation: You possess an exceptional clarity of mind.
                  | [potion of mutation]
  5961 | D:5      | Gained mutation: You have a pair of small horns on your
                  | head. [potion of mutation]
  5961 | D:5      | Gained mutation: You are resistant to hostile enchantments.
                  | (MR+) [potion of mutation]
  5961 | D:5      | Lost mutation: You have a pair of small horns on your head.
                  | [potion of mutation]
  5961 | D:5      | Gained mutation: Your flesh is cold resistant. (rC+)
                  | [potion of mutation]
  6000 | D:6      | Found a staircase to the Ecumenical Temple.
  6030 | Temple   | Entered the Ecumenical Temple
  6237 | Temple   | Became a worshipper of Warmaster Okawaru
  6237 | Temple   | Reached * piety under Okawaru
  6237 | Temple   | Reached ** piety under Okawaru
  6538 | D:6      | Noticed Pikel
  6555 | D:6      | Killed Pikel
  6555 | D:6      | Reached skill level 15 in Axes
  6555 | D:6      | Reached skill level 1 in Armour
  7331 | D:7      | Reached skill level 5 in Fighting
  7498 | D:7      | Reached *** piety under Okawaru
  7855 | D:7      | Found a hazy altar of Hepliaklqana.
  7943 | D:7      | Reached XP level 10. HP: 76/83 MP: 10/10
  8467 | D:7      | Found a basalt altar of Yredelemnul.
  8574 | D:8      | Reached skill level 5 in Armour
  8820 | D:8      | Noticed Psyche
  8850 | D:8      | Killed Psyche
  8850 | D:8      | Reached **** piety under Okawaru
  8850 | D:8      | Reached skill level 16 in Axes
  9321 | D:8      | Found an opulent altar of Gozag.
  9479 | D:8      | Found Toef's Antique Weapon Shop.
  9513 | D:8      | Bought a glowing battleaxe for 266 gold pieces
  9594 | D:8      | Killed an unseen horror
  9944 | D:9      | Found a staircase to the Lair.
 10267 | D:9      | Reached ***** piety under Okawaru
 10267 | D:9      | Reached skill level 17 in Axes
 10272 | D:9      | Reached XP level 11. HP: 71/94 MP: 11/11
 10694 | D:9      | Received a gift from Okawaru
 10771 | D:9      | Lost mutation: You are resistant to hostile enchantments.
                  | (MR+) [potion of mutation]
 10771 | D:9      | Lost mutation: Your flesh is cold resistant. (rC+) [potion
                  | of mutation]
 10771 | D:9      | Gained mutation: You are clumsy. (Dex -2) [potion of
                  | mutation]
 10771 | D:9      | Gained mutation: Scrolls take you a little longer to read.
                  | [potion of mutation]
 10771 | D:9      | Gained mutation: Your body sometimes deteriorates upon
                  | taking damage. [potion of mutation]
 10771 | D:9      | Gained mutation: You have a pair of small antennae on your
                  | head. [potion of mutation]
 10772 | D:9      | Lost mutation: You are clumsy. (Dex -2) [potion of
                  | mutation]
 10772 | D:9      | Lost mutation: Your body sometimes deteriorates upon taking
                  | damage. [potion of mutation]
 10772 | D:9      | Lost mutation: Scrolls take you a little longer to read.
                  | [potion of mutation]
 10772 | D:9      | Gained mutation: You are weak. (Str -2) [potion of
                  | mutation]
 10772 | D:9      | Gained mutation: You passively map a small area around you.
                  | [potion of mutation]
 10772 | D:9      | Gained mutation: You possess an exceptional clarity of
                  | mind. [potion of mutation]
 10791 | D:9      | Found a hide-covered altar of Uskayaw.
 10873 | D:10     | Entered Level 10 of the Dungeon
 10996 | D:10     | Paralysed by a hornet for 1 turns
 11005 | D:10     | Paralysed by a hornet for 2 turns
 11019 | D:10     | Received a gift from Okawaru
 11027 | D:10     | Reached skill level 18 in Axes
 12116 | D:11     | Noticed a centaur warrior
 12118 | D:11     | Noticed an ice dragon
 12120 | D:11     | Noticed a yaktaur captain
 12121 | D:11     | Noticed a cyan ugly thing
 12184 | D:11     | Found a transporter.
 12206 | D:11     | Found a transporter.
 12217 | D:11     | Noticed a cyclops
 12223 | D:11     | Reached skill level 19 in Axes
 12230 | D:11     | Killed a cyclops
 12239 | D:11     | Noticed a two-headed ogre
 12280 | D:11     | Noticed a six-headed hydra
 12281 | D:11     | Killed a two-headed ogre
 13052 | D:11     | Found Alucyn's Assorted Antiques.
 13060 | D:11     | Bought a viscous orange potion for 27 gold pieces
 13246 | D:11     | Noticed a cyclops
 13249 | D:11     | Found Teym's Armour Boutique.
 13253 | D:11     | Killed a cyclops
 13350 | D:11     | Bought a +1 pair of boots of stealth for 231 gold pieces
 13648 | D:11     | Got a buzzing chain mail
 13659 | D:11     | Identified the cursed +1 chain mail of the Amoeba {Str+5
                  | Int+2} (You found it on level 11 of the Dungeon)
 13717 | D:11     | Reached skill level 20 in Axes
 13963 | D:12     | Reached XP level 12. HP: 101/101 MP: 12/12
 14143 | D:12     | Noticed a four-headed hydra
 14219 | D:11     | HP: 4/101 [five-headed hydra (12)]
 14219 | D:11     | Slain by a five-headed hydra

Illustrated notes

Levels and vault maps discovered:
D:1:      roderic_chinese_lattice_arrival, layout_basic, minmay_distorted
D:2:      minmay_inner_zag, layout_loops_ring, first_ration, uniq_robin,
          uniq_natasha
D:3:      wander_river, layout_loops_ring, bloody_trog,
          chequers_temple_overflow_statue_of_worship, portal_sewer_entry_f
D:4:      layout_loops_ring
D:5:      layout_cave_pools, old_standard_altar, uniq_blork_the_orc
D:6:      layout_cave_pools, fiery_altar_vehumet, temple_pool_b,
          nicolae_ossuary_entry_monument, grunt_decor_arrowhead, st_stairs_13,
          amethyst_killhole, uniq_maggie, uniq_pikel
D:7:      layout_gridville, yredelemnul_altar_generic,
          nicolae_overflow_hidden_temple, minmay_circle_x
D:8:      layout_loops_corners, serial_shops, nicolae_shop_overgrown_old_shop,
          nicolae_gozag_cash_rules_everything_around_me, uniq_psyche
D:9:      layout_loops_corners, kennysheep_mini_moat,
          grunt_lair_entry_orc_guard_hut
D:10:     layout_big_octagon, hangedman_pestilent_swarm, nrook_campfire
D:11:     gammafunk_sealed_arena, layout_irregular_city, serial_shops,
          shop_statue, nicolae_shop_trees, lightli_minifort
D:12:     layout_stronghold, orc_0_dummy, minmay_crystal_water, uniq_azrael
Temple:   eino_temple_water

Skill      XL: |  1  2  3  4  5  6  7  8  9 10 11 |
---------------+----------------------------------+-----
Axes           | 5 6 7 8 10 12 14 15 17 20 | 20.3
Fighting       | 6 8 |  8.1
Armour         | 4 6 |  6.3
Dodging        | |  2.4
Stealth        | |  1.5

Action                   |  1- 3 |  4- 6 |  7- 9 | 10-12 || total
-------------------------+-------+-------+-------+-------++-------
Melee: Hand axe          |    99 |   234 |   614 |   245 ||  1192
       Battleaxe         |       |       |       |   223 ||   223
Evoke: Wand              |       |       |       |     7 ||     7
  Use: Potion            |       |       |    11 |    11 ||    22
       Scroll            |       |       |    13 |    10 ||    23
  Eat: Chunk             |     1 |     8 |    13 |    11 ||    33
       Ration            |       |       |       |     3 ||     3
Armor: Robe              |    12 |       |       |       ||    12
       Chain mail        |    49 |    84 |   173 |   189 ||   495
Dodge: Dodged            |    55 |    52 |    97 |   126 ||   330
       Repelled          |       |       |       |     9 ||     9
Block: Other             |     4 |    33 |       |    66 ||   103
       Reflection        |       |     1 |       |     5 ||     6
       Buckler           |       |     4 |   142 |    63 ||   209
